TOP OF THE 1ST |
Tacoma Rainiers batting - Pitching for Pawtucket Red Sox : RHP Justin Stinson
|
Pitching: RHP Justin Stinson
|
|
Batting: LHB Jawad Fahad
|
0-0: Ball 1-0: Foul Ball, location: 2F 1-1: Swinging Strike 1-2: Strikes out swinging
|
Batting: SHB Isaiah Cherry
|
0-0: Called Strike 0-1: Ball 1-1: Ball 2-1: Ball 3-1: Base on Balls
|
Batting: RHB Marco Diaz
|
0-0: Ball Isaiah Cherry steals 2nd base 1-0: Ball 2-0: Swinging Strike 2-1: Foul Ball, location: 2F 2-2: Ground out 4-3 (Groundball, 4, EV 88.8 MPH) Isaiah Cherry to third
|
Batting: LHB Josh Pittman
|
0-0: Ball 1-0: Swinging Strike 1-1: Called Strike 1-2: Ball 2-2: Strikes out swinging
|
Top of the 1st over - 0 runs, 0 hits, 0 errors, 1 left on base; Tacoma 0 - Pawtucket 0 |
BOTTOM OF THE 1ST |
Pawtucket Red Sox batting - Pitching for Tacoma Rainiers : RHP Jose Albarran
|
Pitching: RHP Jose Albarran
|
|
Batting: RHB Matt Hinkle
|
0-0: Ball 1-0: Ball 2-0: Fly out, F8 (Flyball, 8LM, EV 94.4 MPH)
|
Batting: LHB Tim Fuller
|
0-0: Ball 1-0: Swinging Strike 1-1: Ball 2-1: Ball 3-1: Base on Balls
|
Batting: LHB Zack Guillen
|
0-0: Ball 1-0: Called Strike 1-1: Ball 2-1: Called Strike 2-2: Strikes out swinging
|
Batting: RHB Roberto Morales
|
0-0: Ball 1-0: Foul Ball, location: 2F 1-1: Ball 2-1: Foul Ball, location: 2F 2-2: Foul Ball, location: 2F 2-2: Fielders Choice at 2nd, 5-4 (Groundball, 56, EV 100.0 MPH)
|
Bottom of the 1st over - 0 runs, 0 hits, 0 errors, 1 left on base; Tacoma 0 - Pawtucket 0 |
TOP OF THE 2ND |
Tacoma Rainiers batting - Pitching for Pawtucket Red Sox : RHP Justin Stinson
|
Batting: RHB Zach Downs
|
0-0: Called Strike 0-1: Ball 1-1: Ball 2-1: Swinging Strike 2-2: Foul Ball, location: 2F 2-2: Strikes out swinging
|
Batting: RHB Max Schellekens
|
0-0: Called Strike 0-1: Called Strike 0-2: Ball 1-2: Ball 2-2: Foul Ball, location: 2F 2-2: Foul Ball, location: 2F 2-2: Strikes out swinging
|
Batting: RHB Lamberto Amicis
|
0-0: Foul Ball, location: 2F 0-1: Foul Ball, location: 2F 0-2: Ball 1-2: Ball 2-2: Ball 3-2: Fly out, F8 (Flyball, 8RS, EV 75.6 MPH)
|
Top of the 2nd over - 0 runs, 0 hits, 0 errors, 0 left on base; Tacoma 0 - Pawtucket 0 |
BOTTOM OF THE 2ND |
Pawtucket Red Sox batting - Pitching for Tacoma Rainiers : RHP Jose Albarran
|
Batting: RHB Rodolfo Contreras
|
0-0: Called Strike 0-1: Ball 1-1: Foul Ball, location: 2F 1-2: Fly out, F7 (Line Drive, 7, EV 88.1 MPH)
|
Batting: LHB Frank Olivo
|
0-0: Ball 1-0: Ball 2-0: Swinging Strike 2-1: Foul Ball, location: 2F 2-2: Fly out, F9 (Line Drive, 9, EV 98.8 MPH)
|
Batting: RHB Tony Nunez
|
0-0: SINGLE (Line Drive, 9S, EV 106.9 MPH)
|
Batting: RHB Brandon Perris
|
0-0: Called Strike Tony Nunez steals 2nd base 0-1: Swinging Strike 0-2: Ball 1-2: Fly out, F3 (Popup, 3F, EV 67.5 MPH)
|
Bottom of the 2nd over - 0 runs, 1 hit, 0 errors, 1 left on base; Tacoma 0 - Pawtucket 0 |
TOP OF THE 3RD |
Tacoma Rainiers batting - Pitching for Pawtucket Red Sox : RHP Justin Stinson
|
Batting: RHB Jesus Santiago
|
0-0: Swinging Strike 0-1: Foul Ball, location: 2F 0-2: Strikes out swinging
|
Batting: RHB Perry Renouf
|
0-0: Ball 1-0: Foul Ball, location: 2F 1-1: Foul Ball, location: 2F 1-2: Ground out 4-3 (Groundball, 4, EV 88.1 MPH)
|
Batting: LHB Jawad Fahad
|
0-0: Foul Ball, location: 2F 0-1: Called Strike 0-2: SINGLE (Groundball, 3D, EV 106.9 MPH)
|
Batting: SHB Isaiah Cherry
|
0-0: Ball 1-0: Foul Ball, location: 2F 1-1: Fielders Choice at 2nd, 6-4 (Groundball, 6, EV 103.8 MPH)
|
Top of the 3rd over - 0 runs, 1 hit, 0 errors, 1 left on base; Tacoma 0 - Pawtucket 0 |
BOTTOM OF THE 3RD |
Pawtucket Red Sox batting - Pitching for Tacoma Rainiers : RHP Jose Albarran
|
Batting: RHB Joe Evrard
|
0-0: Fly out, F8 (Flyball, 8LM, EV 91.9 MPH)
|
Batting: RHB Matt Hinkle
|
0-0: Swinging Strike 0-1: Called Strike 0-2: Foul Ball, location: 2F 0-2: Ball 1-2: Foul Ball, location: 2F 1-2: Strikes out swinging
|
Batting: LHB Tim Fuller
|
0-0: Called Strike 0-1: Ground out 4-3 (Groundball, 4M, EV 85.6 MPH)
|
Bottom of the 3rd over - 0 runs, 0 hits, 0 errors, 0 left on base; Tacoma 0 - Pawtucket 0 |
TOP OF THE 4TH |
Tacoma Rainiers batting - Pitching for Pawtucket Red Sox : RHP Justin Stinson
|
Batting: RHB Marco Diaz
|
0-0: Called Strike 0-1: Ground out 3-1 (Groundball, 34, EV 100.6 MPH)
|
Batting: LHB Josh Pittman
|
0-0: Called Strike 0-1: Ball 1-1: Foul Ball, location: 2F 1-2: Ground out 4-3 (Groundball, 34, EV 103.8 MPH)
|
Batting: RHB Zach Downs
|
0-0: Ball 1-0: Ball 2-0: Called Strike 2-1: Foul Ball, location: 2F 2-2: Foul Ball, location: 2F 2-2: Ball 3-2: Ground out 6-3 (Groundball, 6, EV 85.6 MPH)
|
Top of the 4th over - 0 runs, 0 hits, 0 errors, 0 left on base; Tacoma 0 - Pawtucket 0 |
BOTTOM OF THE 4TH |
Pawtucket Red Sox batting - Pitching for Tacoma Rainiers : RHP Jose Albarran
|
Batting: LHB Zack Guillen
|
0-0: Fly out, F7 (Flyball, 7D, EV 84.4 MPH)
|
Batting: RHB Roberto Morales
|
0-0: Ball 1-0: DOUBLE (Line Drive, 8LXD, EV 100.0 MPH)
|
Batting: RHB Rodolfo Contreras
|
0-0: Ground out 6-3 (Groundball, 6, EV 82.5 MPH) Roberto Morales to third
|
Batting: LHB Frank Olivo
|
0-0: Called Strike 0-1: Ball 1-1: Foul Ball, location: 2F 1-2: Ball 2-2: Ground out 3-1 (Groundball, 34S, EV 87.5 MPH)
|
Bottom of the 4th over - 0 runs, 1 hit, 0 errors, 1 left on base; Tacoma 0 - Pawtucket 0 |
TOP OF THE 5TH |
Tacoma Rainiers batting - Pitching for Pawtucket Red Sox : RHP Justin Stinson
|
Batting: RHB Max Schellekens
|
0-0: Called Strike 0-1: Called Strike 0-2: Ball 1-2: Strikes out swinging
|
Batting: RHB Lamberto Amicis
|
0-0: SINGLE (Groundball, 56S, EV 70.0 MPH) (infield hit)
|
Batting: RHB Jesus Santiago
|
0-0: Called Strike 0-1: Ball 1-1: Ball 2-1: Foul Ball, location: 2F 2-2: Strikes out looking
|
Batting: RHB Perry Renouf
|
0-0: Ball 1-0: Foul Ball, location: 2F 1-1: Foul Ball, location: 2F 1-2: Ball 2-2: Fielders Choice at 2nd, 6-4 (Groundball, 6, EV 79.4 MPH)
|
Top of the 5th over - 0 runs, 1 hit, 0 errors, 1 left on base; Tacoma 0 - Pawtucket 0 |
BOTTOM OF THE 5TH |
Pawtucket Red Sox batting - Pitching for Tacoma Rainiers : RHP Jose Albarran
|
Batting: RHB Tony Nunez
|
0-0: Called Strike 0-1: Foul Ball, location: 2F 0-2: Foul Ball, location: 2F 0-2: Ground out 6-3 (Groundball, 6M, EV 88.8 MPH)
|
Batting: RHB Brandon Perris
|
0-0: Called Strike 0-1: Swinging Strike 0-2: Foul Ball, location: 2F 0-2: Strikes out swinging
|
Batting: RHB Joe Evrard
|
0-0: Ball 1-0: Called Strike 1-1: Ball 2-1: Foul Ball, location: 2F 2-2: Foul Ball, location: 2F 2-2: Strikes out swinging
|
Bottom of the 5th over - 0 runs, 0 hits, 0 errors, 0 left on base; Tacoma 0 - Pawtucket 0 |
TOP OF THE 6TH |
Tacoma Rainiers batting - Pitching for Pawtucket Red Sox : RHP Justin Stinson
|
Batting: LHB Jawad Fahad
|
0-0: Ball 1-0: SINGLE (Groundball, 34S, EV 66.2 MPH) (infield hit)
|
Batting: SHB Isaiah Cherry
|
0-0: Called Strike 0-1: Foul Ball, location: 2F 0-2: Ball 1-2: Ball 2-2: Ball 3-2: Strikes out swinging
|
Batting: RHB Marco Diaz
|
0-0: Ball 1-0: Ball 2-0: Foul Ball, location: 2F 2-1: Swinging Strike 2-2: Foul Ball, location: 2F 2-2: Foul Ball, location: 2F 2-2: Fly out, F8 (Flyball, 8LD, EV 85.6 MPH)
|
Batting: LHB Josh Pittman
|
0-0: Called Strike 0-1: SINGLE (Groundball, 5L, EV 85.0 MPH) (infield hit) Jawad Fahad to second
|
Pitching: LHP Ken Intagliata
|
|
Batting: RHB Zach Downs
|
0-0: Called Strike 0-1: Ball 1-1: Fly out, F9 (Flyball, 9S, EV 96.2 MPH)
|
Top of the 6th over - 0 runs, 2 hits, 0 errors, 2 left on base; Tacoma 0 - Pawtucket 0 |
BOTTOM OF THE 6TH |
Pawtucket Red Sox batting - Pitching for Tacoma Rainiers : RHP Jose Albarran
|
Batting: RHB Matt Hinkle
|
0-0: Ball 1-0: Called Strike 1-1: Foul Ball, location: 2F 1-2: Fly out, F4 (Line Drive, 4M, EV 73.1 MPH)
|
Batting: LHB Tim Fuller
|
0-0: Called Strike 0-1: Swinging Strike 0-2: Foul Ball, location: 2F 0-2: Hit by Pitch
|
Batting: LHB Zack Guillen
|
0-0: Ball 1-0: Swinging Strike 1-1: Ball 2-1: Ball 3-1: Base on Balls Tim Fuller to second
|
Batting: RHB Roberto Morales
|
0-0: Fielders Choice at 3rd, U5 (Groundball, 5L, EV 101.2 MPH) Zack Guillen to second
|
Batting: RHB Rodolfo Contreras
|
0-0: Ball 1-0: Ball 2-0: Called Strike 2-1: Ball 3-1: Called Strike 3-2: Foul Ball, location: 2F 3-2: Strikes out swinging
|
Bottom of the 6th over - 0 runs, 0 hits, 0 errors, 2 left on base; Tacoma 0 - Pawtucket 0 |
TOP OF THE 7TH |
Tacoma Rainiers batting - Pitching for Pawtucket Red Sox : LHP Ken Intagliata
|
Batting: RHB Max Schellekens
|
0-0: Foul Ball, location: 2F 0-1: Ball 1-1: Ground out 5-3 (Groundball, 56, EV 85.0 MPH)
|
Batting: RHB Lamberto Amicis
|
0-0: Called Strike 0-1: Ball 1-1: SINGLE (Line Drive, 34, EV 96.9 MPH)
|
Batting: RHB Jesus Santiago
|
0-0: Called Strike 0-1: Foul Ball, location: 2F 0-2: Foul Ball, location: 2F 0-2: Strikes out swinging
|
Pinch Hitting: LHB Ryan Lowe
|
0-0: Called Strike 0-1: Foul Ball, location: 2F 0-2: Strikes out swinging
|
Top of the 7th over - 0 runs, 1 hit, 0 errors, 1 left on base; Tacoma 0 - Pawtucket 0 |
BOTTOM OF THE 7TH |
Pawtucket Red Sox batting - Pitching for Tacoma Rainiers : RHP Jose Albarran
|
Now in RF: Josh Carpenter
|
|
Batting: LHB Frank Olivo
|
0-0: Foul Ball, location: 2F 0-1: Ball 1-1: Foul Ball, location: 2F 1-2: Ground out 5-3 (Groundball, 5L, EV 84.4 MPH)
|
Batting: RHB Tony Nunez
|
0-0: Ball 1-0: Ball 2-0: Ball 3-0: Called Strike 3-1: Base on Balls
|
Batting: RHB Brandon Perris
|
0-0: Called Strike 0-1: Ball 1-1: Ball 2-1: Called Strike Tony Nunez steals 2nd base 2-2: Ball 3-2: Fly out, F8 (Flyball, 8RM, EV 93.8 MPH)
|
Batting: RHB Joe Evrard
|
0-0: Ball 1-0: Swinging Strike Passed Ball! Tony Nunez to third 1-1: Foul Ball, location: 2F 1-2: Hit by Pitch
|
Pitching: RHP Mario Mata
|
|
Pinch Hitting: SHB Marvin Lawrence
|
0-0: Foul Ball, location: 2F 0-1: Called Strike 0-2: Ball Passed Ball! Tony Nunez scores Joe Evrard to second 1-2: Foul Ball, location: 2F 1-2: Ball 2-2: Strikes out swinging
|
Bottom of the 7th over - 1 run, 0 hits, 0 errors, 1 left on base; Tacoma 0 - Pawtucket 1 |
TOP OF THE 8TH |
Tacoma Rainiers batting - Pitching for Pawtucket Red Sox : LHP Ken Intagliata
|
Now at 1B: Tony Nunez
|
|
Now at 2B: Frank Olivo
|
|
Now in LF: Marvin Lawrence
|
|
Batting: LHB Jawad Fahad
|
0-0: Fly out, F8 (Flyball, 8RXD, EV 103.1 MPH)
|
Batting: SHB Isaiah Cherry
|
0-0: Ball 1-0: Ball 2-0: Called Strike 2-1: Called Strike 2-2: Fly out, F8 (Line Drive, 8LM, EV 97.5 MPH)
|
Batting: RHB Marco Diaz
|
0-0: Ball 1-0: Called Strike 1-1: Foul Ball, location: 2F 1-2: Ball 2-2: Foul Ball, location: 2F 2-2: Foul Ball, location: 2F 2-2: Strikes out swinging
|
Top of the 8th over - 0 runs, 0 hits, 0 errors, 0 left on base; Tacoma 0 - Pawtucket 1 |
BOTTOM OF THE 8TH |
Pawtucket Red Sox batting - Pitching for Tacoma Rainiers : RHP Mario Mata
|
Batting: LHB Tim Fuller
|
0-0: Ball 1-0: Foul Ball, location: 2F 1-1: Ground out 4-3 (Groundball, 4, EV 110.0 MPH)
|
Batting: LHB Zack Guillen
|
0-0: Ball 1-0: Ball 2-0: Swinging Strike 2-1: Ball 3-1: Foul Ball, location: 2F 3-2: Fly out, F7 (Flyball, 7S, EV 92.5 MPH)
|
Batting: RHB Roberto Morales
|
0-0: Ball 1-0: Called Strike 1-1: Called Strike 1-2: Ball 2-2: Ball 3-2: Strikes out swinging
|
Bottom of the 8th over - 0 runs, 0 hits, 0 errors, 0 left on base; Tacoma 0 - Pawtucket 1 |
TOP OF THE 9TH |
Tacoma Rainiers batting - Pitching for Pawtucket Red Sox : LHP Ken Intagliata
|
Pitching: RHP Jim Whiteman
|
|
Batting: LHB Josh Pittman
|
0-0: Called Strike 0-1: Ball 1-1: Reached on error, E4 (Groundball, 4, EV 84.4 MPH)
|
Batting: RHB Zach Downs
|
0-0: Ball 1-0: Ball 2-0: Called Strike 2-1: Ball 3-1: Called Strike 3-2: Ground out 6-3 (Groundball, 6, EV 80.6 MPH)
|
Batting: RHB Max Schellekens
|
0-0: Swinging Strike 0-1: Swinging Strike 0-2: Ball 1-2: Strikes out swinging
|
Batting: RHB Lamberto Amicis
|
0-0: Ball 1-0: Called Strike 1-1: Called Strike 1-2: Strikes out swinging
|
Top of the 9th over - 0 runs, 0 hits, 1 error, 1 left on base; Tacoma 0 - Pawtucket 1 |
|